 Dungeon Crawl Stone Soup version 0.18.1-48-g4cf74bf (webtiles) character file.

588 theElss the Conjurer (level 7, -1/41 HPs)
             Began as a High Elf Conjurer on July 18, 2016.
             Slain by a killer bee (4 damage)
             ... on level 4 of the Dungeon.
             The game lasted 00:17:20 (4477 turns).

theElss the Conjurer (High Elf Conjurer)            Turns: 4477, Time: 00:17:22

Health: -1/41      AC:  5    Str:  8    XL:     7   Next: 15%
Magic:  2/16       EV: 14    Int: 25    God:
Gold:   131        SH:  0    Dex: 16    Spells: 4 memorised, 5 levels left

rFire  + + .     SeeInvis .     i - +0 short sword
rCold  . . .     Gourm    .     o - +2 robe {rF+}
rNeg   . . .     Faith    .     (no shield)
rPois  .         Spirit   .     (no helmet)
rElec  .         Dismiss  .     (no cloak)
rCorr  .         Reflect  .     j - +0 pair of gloves
SustAt .         Harm     .     (no boots)
MR     .....                    (no amulet)
Stlth  ++........               (no ring)
                                h - ring of protection from fire

@: brilliant, lethally poisoned (-1 -> -9), not resistant to hostile
enchantments, unstealthy
A: no striking features
a: no special abilities


You were on level 4 of the Dungeon.
You were not hungry.

You visited 1 branch of the dungeon, and saw 4 of its levels.

You collected 131 gold pieces.

Inventory:

Hand Weapons
 i - a +0 short sword (weapon)
Armour
 a - a +0 robe
 j - a +0 pair of gloves (worn)
 o - a +2 robe of fire resistance (worn)
Jewellery
 h - a ring of protection from fire (left hand)
Scrolls
 e - 2 scrolls of teleportation
 g - a scroll of amnesia
 l - 2 scrolls of remove curse
 q - a scroll of random uselessness {unknown}
 s - a scroll of noise {unknown}
 u - 2 scrolls of identify {unknown}
Potions
 p - a potion of lignification {unknown}
 r - a potion of invisibility {unknown}
 t - a potion of flight {unknown}
Books
 b - a book of Conjurations

   Spells                             Type                      Level
   a - Magic Dart                     Conjuration                  1
   b - Searing Ray                    Conjuration                  2
   c - Dazzling Spray                 Conjuration/Hexes            3
   d - Fulminant Prism                Conjuration/Hexes            4
   e - Iskenderun's Mystic Blast      Conjuration                  4
   f - Iskenderun's Battlesphere      Conjuration/Charms           5
Comestibles
 c - 3 bread rations
 d - a slice of pizza
 f - 2 beef jerkies
 n - 5 fruits


   Skills:
 + Level 4.2 Dodging
 - Level 2.1 Stealth
 + Level 5.5 Spellcasting
 + Level 7.1 Conjurations


You had 5 spell levels left.
You knew the following spells:

 Your Spells              Type           Power        Failure   Level  Hunger
a - Magic Dart            Conj           ####         1%          1    None
b - Iskenderun's Battles  Conj/Chrm      #####...     10%         5    #####..
c - Searing Ray           Conj           ######       1%          2    None
d - Iskenderun's Mystic   Conj           ######..     1%          4    ###....


Dungeon Overview and Level Annotations

Branches:
Dungeon (4/15)
 Temple: D:4-7

Altars:
Gozag

Annotations:
D:2 Natasha, Sigmund


Message History

The searing ray misses the killer bee.
The searing ray hits the killer bee.
The killer bee is almost dead.
The killer bee stings you.
* * * LOW HITPOINT WARNING * * *
You are lethally poisoned!
The killer bee poisons you! The killer bee misses you.
The searing ray hits the killer bee.
You kill the killer bee!
The searing ray misses the killer bee.
The searing ray hits the killer bee.
The killer bee is almost dead.
* * * LOW HITPOINT WARNING * * *
You feel sick. The killer bee closely misses you.
Drink which item? (? for menu, Esc to quit)
It was a potion of brilliance.
You feel clever all of a sudden.
* * * LOW HITPOINT WARNING * * *
You feel sick. The killer bee stings you.
* * * LOW HITPOINT WARNING * * *
The killer bee stings you.
You die...

.. #............# ...
+....#.##.... #.
...###......##..####
F....###+##.........#.##......
#..........................#
..........)...............#
#.†......................#
#........######....###..##
#........##@yy.....# ##.#
#........######(...# #.#
#...........yy..#..####'####
########....y...#..##.......
#...........##.......
#........#.(##.......
#........#.(####'####
##########...# #.#
#######.#.###.####


You could see 2 killer bees.

Vanquished Creatures
  A phantom (D:4)
  A giant frog (D:3)
  4 killer bees (D:4)
  Jessica (D:2)
  An iguana (D:4)
  A worker ant (D:3)
  A hound skeleton (D:4)
  7 adders
  3 worms
  A dart slug (D:2)
  4 giant geckos
  6 orcs
  6 giant cockroaches
  13 goblins
  7 hobgoblins
  4 jackals
  A quokka (D:2)
  4 ball pythons
  8 bats
  5 giant newts
  13 kobolds
  10 rats
102 creatures vanquished.

Vanquished Creatures (others)
  A plant (D:3)
1 creature vanquished.

Grand Total: 103 creatures vanquished

Notes
Turn   | Place    | Note
--------------------------------------------------------------
     0 | D:1      | theElss the High Elf Conjurer began the quest for the Orb.
     0 | D:1      | Reached XP level 1. HP: 11/11 MP: 4/4
   276 | D:1      | Reached XP level 2. HP: 11/17 MP: 0/6
   284 | D:1      | Learned a level 2 spell: Searing Ray
   880 | D:1      | Reached skill level 5 in Conjurations
   904 | D:1      | Reached XP level 3. HP: 21/21 MP: 3/7
  1420 | D:2      | Noticed Jessica
  1428 | D:2      | Killed Jessica
  1517 | D:2      | Reached XP level 4. HP: 27/27 MP: 4/9
  1777 | D:2      | Noticed Sigmund
  2290 | D:2      | Noticed Natasha
  2592 | D:3      | Reached XP level 5. HP: 31/31 MP: 4/11
  2598 | D:3      | Learned a level 4 spell: Iskenderun's Mystic Blast
  2836 | D:3      | Reached skill level 6 in Conjurations
  3121 | D:3      | Found an opulent altar of Gozag.
  3578 | D:3      | Found a faded altar to an unknown god.
  3771 | D:3      | Reached XP level 6. HP: 36/36 MP: 8/13
  3782 | D:3      | Learned a level 5 spell: Iskenderun's Battlesphere
  4338 | D:4      | Reached skill level 5 in Spellcasting
  4470 | D:4      | Reached skill level 7 in Conjurations
  4471 | D:4      | Reached XP level 7. HP: 14/41 MP: 8/16
  4477 | D:4      | Slain by a killer bee

Skill      XL: |  1  2  3  4  5  6 |
---------------+-------------------+-----
Conjurations   | 5 6 7 |  7.1
Dodging        | 3 4 |  4.2
Spellcasting   | 3 4 5 |  5.5
Stealth        | |  2.1

Action                   |  1- 3 |  4- 6 |  7- 9 || total
-------------------------+-------+-------+-------++-------
Melee: Unarmed           |    10 |       |       ||    10
       Short sword       |       |     1 |       ||     1
 Cast: Magic Dart        |    57 |   121 |       ||   178
       Searing Ray       |       |    15 |     1 ||    16
  Use: Scroll            |       |     3 |       ||     3
       Potion            |       |       |     1 ||     1
  Eat: Chunk             |     2 |     9 |       ||    11
Armor: Robe              |    10 |    15 |       ||    25
Dodge: Dodged            |    21 |    42 |     8 ||    71
